 Dungeon Crawl Stone Soup version 0.28.0-53-g5a82cb258f (webtiles) character file.

Game seed: 16503928712019699834

15 Zeld the Skirmisher (level 2, -2/27 HPs)
             Began as a Minotaur Berserker on June 9, 2022.
             Was a Follower of Trog.
             Slain by Sigmund
             ... wielding a +0 scythe
              (4 damage)
             ... on level 2 of the Dungeon.
             The game lasted 00:01:13 (1746 turns).

Zeld the Skirmisher (Minotaur Berserker)            Turns: 1746, Time: 00:01:13

Health: -2/27      AC:  2    Str: 21    XL:     2   Next: 34%
Magic:  1/1        EV: 12    Int:  4    God:    Trog [*.....]
Gold:   54         SH:  0    Dex:  9    Spells: 1/1 levels left

rFire   . . .      SeeInvis .   a - +1 hand axe (vorpal)
rCold   . . .      Faith    .   (no shield)
rNeg    . . .      Spirit   .   b - +0 animal skin
rPois   .          Reflect  .   (helmet restricted)
rElec   .          Harm     .   (no cloak)
rCorr   .          Rampage  .   (no gloves)
Will    .....                   (no boots)
Stlth   +.........              (no amulet)
HPRegen 0.09/turn               (no ring)
MPRegen 0.07/turn               (no ring)

@: confused, on berserk cooldown, slowed, very slow
A: horns 2, retaliatory headbutt
a: Renounce Religion, Berserk


You were on level 2 of the Dungeon.
You worshipped Trog.
Trog was aware of your devotion.
You visited 1 branch of the dungeon, and saw 2 of its levels.

You collected 54 gold pieces.

Inventory:

Hand Weapons
 a - a +1 vorpal hand axe (weapon)
Armour
 b - a +0 animal skin (worn)
Scrolls
 c - 4 scrolls of identify {unknown}
 g - a scroll of summoning {unknown}
 h - 2 scrolls of vulnerability {unknown}
 i - 2 scrolls of enchant weapon {unknown}
 j - a scroll of amnesia {unknown}
Potions
 d - 3 potions of heal wounds {unknown}
 e - a potion of haste {unknown}
 f - a potion of brilliance {unknown}


   Skills:
 * Level 4.0 Fighting
 * Level 4.0 Axes
 + Level 2.6 Armour
 + Level 2.3 Dodging


You had one spell level left.
You didn't know any spells.
Your spell library was empty.

Dungeon Overview and Level Annotations

Branches:
Dungeon (2/15)

Altars:
Wu Jian

Annotations:
D:2 Sigmund


Innate Abilities, Weirdness & Mutations

You have a pair of horns on your head.
You reflexively headbutt those who attack you in melee.


Message History

There is a stone staircase leading down here.
Key pressed, stopping explore.
No target in view!
Sigmund the Dreaded comes into view.
He is wielding a +0 scythe.
Sigmund is nearby!
Search for what [Enter for "armor", or ? for help]?
Sigmund says, "Don't worry, I'll kill you fast."
Sigmund closely misses you.
There is a stone staircase leading down here.
Sigmund casts a spell at you. The magic dart hits you!
Sigmund gestures wildly while chanting.
Sigmund flickers and vanishes!
Deactivating autopickup; reactivate with Ctrl-A.
You see here a +1 vorpal hand axe.
You are now empty-handed.
You drop a +0 hand axe.
Okay, then.
a - a +1 vorpal hand axe
a - a +1 vorpal hand axe (weapon)
Something barely misses you.
You don't know any spells.
A red film seems to cover your vision as you go berserk!
You feel yourself moving faster!
You feel mighty!
You hear some strange, mumbled words.
You are confused.
You miss something. Your headbutt misses something. Something hits you!
Unknown command.
You feel a strong urge to attack something.
Something hits you!
* * * LOW HITPOINT WARNING * * *
You miss something. Your punch misses something.
You're too confused to move!
Something hits you.
* * * LOW HITPOINT WARNING * * *
You feel a strong urge to attack something.
You are no longer berserk.
You are exhausted.
You feel yourself slow down.
You see here a +0 hand axe.
Something hits you.
You die...

#...# #.# ...
##.## #.. ..
#.# ### #
##.## ##..<##
#.....##
#..{...#### #
#.........+ +
##.)@..####
####..# ##.#
#.# #.####
#+# #.##.##
#.# ###
#.....#
#.###..
####.##
##.##...
#.####.......


There were no monsters in sight!

Vanquished Creatures
  A worm (D:2)
  4 ball pythons
  2 endoplasms (D:1)
  A giant cockroach (D:2)
  A goblin (D:1)
  A bat (D:2)
  A frilled lizard (D:2)
  A kobold (D:1)
  A rat (D:1)
13 creatures vanquished.

Notes
Turn   | Place    | Note
-------+----------+-------------------------------------------
     0 | D:1      | Zeld the Minotaur Berserker began the quest for the Orb.
     0 | D:1      | Reached XP level 1. HP: 19/19 MP: 0/0
   439 | D:1      | Found a faded altar of an unknown god.
  1432 | D:2      | Reached XP level 2. HP: 27/27 MP: 1/1
  1507 | D:2      | Found an ornate altar of the Wu Jian Council.
  1712 | D:2      | Noticed Sigmund
  1744 | D:2      | HP: 2/40 [something (1)]
  1746 | D:2      | Slain by Sigmund

Illustrated notes

Levels and vault maps discovered:
D:1:      nzn_arrival_settlement, layout_basic, serial_curves, eino_curves_01,
          eino_curves_03, chequers_ecumenical_altar_twisty
D:2:      layout_loops_corners, basic_altar, st_stairs_14, uniq_sigmund

Skill      XL: |  1  2 |
---------------+-------+-----
Fighting       | 4 |  4.0
Axes           | 4 |  4.0
Armour         | |  2.6
Dodging        | |  2.3

Action                   || total
-------------------------++-------
Melee: Hand axe          ||    35
       Headbutt          ||     2
Invok: Berserk           ||     1
Armor: Animal skin       ||     9
Dodge: Dodged            ||    22
